 Dungeon Crawl Stone Soup version 0.29-a0-221-gceb61267dd (webtiles) character file.

Game seed: 14787628089926008074

122 Ordine the Cudgeller (level 5, -3/33 HPs)
             Began as a Tengu Fighter on Feb 26, 2022.
             Slain by an ogre
             ... wielding a +0 giant spiked club
              (23 damage)
             ... on level 3 of the Dungeon.
             The game lasted 00:06:05 (1647 turns).

Ordine the Cudgeller (Tengu Fighter)                Turns: 1647, Time: 00:06:06

Health: -3/33      AC:  6    Str: 19    XL:     5   Next: 6%
Magic:  6/6        EV: 10    Int:  8    God:
Gold:   120        SH:  5    Dex: 19    Spells: 4/4 levels left

rFire   . . .      SeeInvis .   a - +0 flail
rCold   . . .      Faith    .   c - +0 buckler
rNeg    . . .      Spirit   .   b - +0 scale mail
rPois   +          Reflect  .   (helmet restricted)
rElec   .          Harm     .   (no cloak)
rCorr   .          Rampage  .   (no gloves)
Will    .....                   (boots unavailable)
Stlth   ..........              j - amulet of regeneration
HPRegen 0.91/turn               i - ring of poison resistance
MPRegen 0.10/turn               o - +6 ring of dexterity

@: flying quickly and evasively, quick
A: beak, talons 3, nimble flight
a: no special abilities


You were on level 3 of the Dungeon.
You visited 1 branch of the dungeon, and saw 3 of its levels.

You collected 120 gold pieces.

Inventory:

Hand Weapons
 a - a +0 flail (weapon)
Armour
 b - a +0 scale mail (worn)
 c - a +0 buckler (worn)
Jewellery
 i - a ring of poison resistance (left hand)
 j - an amulet of regeneration (around neck)
 o - a +6 ring of dexterity (right hand)
Scrolls
 f - 3 scrolls of vulnerability {unknown}
 h - a scroll of blinking {unknown}
 l - a scroll of fear {unknown}
 m - a scroll of magic mapping {unknown}
 n - a scroll of summoning {unknown}
Potions
 d - 2 potions of might
 e - a potion of heal wounds {unknown}
 g - a potion of haste {unknown}
 k - a potion of curing {unknown}
 p - a potion of flight {unknown}


   Skills:
 + Level 4.0 Fighting
 * Level 4.7 Maces & Flails
 - Level 3.2 Armour
 - Level 3.0 Shields


You had 4 spell levels left.
You didn't know any spells.
Your spell library contained the following spells:

 Spells                   Type           Power      Damage    Failure   Level
 Sandblast                Erth           0%         2d4       86%         1
 Passwall                 Tmut/Erth      0%         N/A       95%         2
 Stone Arrow              Conj/Erth      0%         3d7       99%         3


Dungeon Overview and Level Annotations

Branches:
Dungeon (3/15)

Altars:
Elyvilon

Shops:
D:1 =   D:2 :


Innate Abilities, Weirdness & Mutations

You have a beak for a mouth.
You have claws for feet.
Your magical nature lets you fly swiftly and evasively.


Message History

The bat hits you but does no damage.
You sock the bat!
You kill the bat!
No target in view!
No target in view!
A quokka comes into view.
You see here a bat corpse.
You hit the quokka. You claw the quokka.
You kill the quokka!
No target in view!
No target in view!
Found 22 stones.
You now have 120 gold pieces (gained 12).
Found Jopaimm's Book Boutique.
You reach down and open the door.
There is an open door here.
There is an entrance to Jopaimm's Book Boutique here.
You can access your shopping list by pressing '$'.
You reach down and open the door.
There is an open door here.
You see here a +0 dagger.
You see here a frilled lizard skeleton.
You see here a +0 long sword.
You see here a +0 short sword.
You see here a +0 dagger.
Done exploring.
Done exploring.
There is a stone staircase leading down here.
Done exploring.
Done exploring.
You fly downwards.
There is a stone staircase leading up here.
You sock the ogre! You peck the ogre.
The ogre is heavily wounded.
The ogre hits you with a +0 giant spiked club!
You sock the ogre! You peck the ogre.
The ogre is almost dead.
The ogre hits you with a +0 giant spiked club!!
Ouch! That really hurt!
You die...

#.#
#.#
#.#
#.#
#.#
#.#
#O#
#@#
#.#
..#
####


You could see an ogre.

Vanquished Creatures
  A scorpion (D:2)
  An adder (D:2)
  A worm (D:2)
  8 ball pythons
  3 endoplasms (D:1)
  3 giant cockroaches
  6 goblins
  A hobgoblin (D:1)
  8 jackals
  A quokka (D:2)
  4 bats
  4 frilled lizards
  5 kobolds
  5 rats
51 creatures vanquished.

Notes
Turn   | Place    | Note
-------+----------+-------------------------------------------
     0 | D:1      | Ordine the Tengu Fighter began the quest for the Orb.
     0 | D:1      | Reached XP level 1. HP: 14/14 MP: 2/2
   126 | D:1      | Reached XP level 2. HP: 19/19 MP: 3/3
   673 | D:1      | Reached XP level 3. HP: 23/23 MP: 4/4
   847 | D:1      | Found Natt's Jewellery Shop.
  1164 | D:2      | Found a faded altar of an unknown god.
  1225 | D:2      | Found a white marble altar of Elyvilon.
  1303 | D:2      | Reached XP level 4. HP: 28/28 MP: 5/5
  1346 | D:2      | Noticed a scorpion
  1349 | D:2      | Killed a scorpion
  1419 | D:2      | Gained mutation: Your magical nature lets you fly swiftly
                  | and evasively. [Tengu growth]
  1419 | D:2      | Reached XP level 5. HP: 33/33 MP: 6/6
  1490 | D:2      | Found Jopaimm's Book Boutique.
  1645 | D:3      | Noticed an ogre
  1647 | D:3      | Slain by an ogre

Illustrated notes

Levels and vault maps discovered:
D:1:      eino_arrival_cavern_e, layout_basic, serial_shops, shop
D:2:      layout_basic, chequers_ecumenical_altar_simple_redux, serial_shops,
          nicolae_shop_hallway_plus, basic_altar
D:3:      layout_loops_ring, chequers_serial_rivers_micro_a,
          kennysheep_generic_room_9

Skill      XL: |  1  2  3  4 |
---------------+-------------+-----
Maces & Flails | 3 4 |  4.7
Fighting       | 4 |  4.0
Armour         | |  3.2
Shields        | |  3.0

Action                   |  1- 3 |  4- 6 || total
-------------------------+-------+-------++-------
Melee: Flail             |    87 |    17 ||   104
       Kick              |    15 |     5 ||    20
       Peck              |     9 |     6 ||    15
Armor: Scale mail        |    39 |     5 ||    44
Dodge: Dodged            |    32 |     5 ||    37
Block: Buckler           |    17 |     2 ||    19

Table legend: (Time is in decaauts)
 A = Elapsed time spent in this place.
 B = Non-inter-level travel time spent in this place.
 C = Inter-level travel time spent in this place.
 D = Time resting spent in this place.
 E = Time spent auto-exploring this place.
 F = Levels seen in this place.
 G = Mean time per level.
                   A        B        C        D        E       F      G
               +--------+--------+--------+--------+--------+-----+--------+
         Total |   1653 |   1583 |     70 |      0 |   1303 |   3 |  551.0 |
       Dungeon |   1653 |   1583 |     70 |      0 |   1303 |   3 |  551.0 |
               +--------+--------+--------+--------+--------+-----+--------+

Top non-repeatable levels by time:
     D:1: 1096 daAuts
     D:2: 554 daAuts
     D:3: 2 daAuts
